 Dungeon Crawl Stone Soup version 0.30.1-4-g462c640d31 (webtiles) character file.

Game seed: 16860977667610826437

7 Jonik01 the Trooper (level 2, -5/24 HPs)
             Began as a Merfolk Fighter on Sept 6, 2023.
             Slain by a gnoll
             ... wielding a +0 halberd
              (8 damage)
             ... on level 2 of the Dungeon.
             The game lasted 00:08:38 (359 turns).

Jonik01 the Trooper (Merfolk Fighter)                Turns: 359, Time: 00:08:38

Health: -5/24      AC:  6    Str: 16    XL:     2   Next: 0%
Magic:  2/2        EV:  8    Int:  7    God:
Gold:   0          SH:  4    Dex: 13    Spells: 1/1 levels left

rFire   . . .        a - +0 long sword
rCold   . . .        c - +0 buckler
rNeg    . . .        b - +0 scale mail
rPois   .            (no helmet)
rElec   .            (no cloak)
rCorr   .            (no gloves)
SInv    .            (no boots)
Will    .....        (no amulet) Stlth
                     (no ring)
HPRegen 0.24/turn    (no ring)
MPRegen 0.08/turn

%: no passive effects
@: mighty
A: (nimble swimmer 2), mertail
a: no special abilities


You were on level 2 of the Dungeon.
You visited 1 branch of the dungeon, and saw 2 of its levels.

Inventory:

Hand Weapons
 a - a +0 long sword (weapon)
 h - a +0 dagger
Missiles
 f - 17 stones
 g - 4 boomerangs (quivered)
Armour
 b - a +0 scale mail (worn)
 c - a +0 buckler (worn)
Potions
 e - 2 potions of curing {unknown}


   Skills:
 + Level 3.4 Fighting
 + Level 2.4 Long Blades
 + Level 2.3 Armour
 + Level 3.1 Shields


You had one spell level left.
You didn't know any spells.
Your spell library was empty.

Dungeon Overview and Level Annotations

Branches:
Dungeon (2/15)

Altars:


Innate Abilities, Weirdness & Mutations

((You are very nimble when in or above water. (Stealth+, EV+, Speed+++)))
Your lower body shifts to a powerful aquatic tail in water.


Message History

h - a +0 dagger
Found 7 stones.
Found a scroll labelled VURERO SOPT.
There are no items here.
Found a dagger.
Found a scroll labelled ZEBLENGOROCH.
There are no items here.
f - 17 stones (gained 7)
You see here a +0 dagger.
You see here a +0 dagger.
Found 8 stones.
An adder comes into view.
A gnoll comes into view. It is wielding a +0 spear.
The gnoll shouts!
The adder barely misses you.
A gnoll comes into view. It is wielding a +0 halberd.
A gnoll comes into view. It is wielding a +0 spear.
The adder attacks as you move away! The adder bites you but does no damage.
The gnoll shouts! x2
The gnoll hits you with a +0 spear. The adder bites you.
You slash the adder!
The adder is almost dead.
The adder bites you.
A gnoll comes into view. It is wielding a +0 whip.
The gnoll hits you from afar with a +0 halberd.
The gnoll hits you but does no damage.
The gnoll hits you from afar with a +0 spear.
* * * LOW HITPOINT WARNING * * *
You feel very mighty all of a sudden. The adder bites you.
* * * LOW HITPOINT WARNING * * *
The gnoll closely misses you. You block the gnoll's attack.
The gnoll hits you from afar with a +0 spear.
* * * LOW HITPOINT WARNING * * *
The adder bites you.
* * * LOW HITPOINT WARNING * * *
You slash the adder!
You kill the adder!
The gnoll hits you from afar with a +0 halberd!
You die...

#####...#.......
#..##.......#...
###......)....#...
###....###.###..#..#
#.....#...#...##..#.
#..#.(.#...#...#...#.
#.##..###..#...#..###
##.#.†#...#..###..#...
#....@#...#...#...#...
#.#g.g#...##..#...#...
#..###g###..#.?###.###
#.. .. ..#.. ... #.
.## .#.. .### #. #.
..# #. . ?.. . .. #..#
.. ..# ##


You could see 3 gnolls.

Vanquished Creatures
  An adder (D:2)
  2 endoplasms
  A goblin (D:2)
  A hobgoblin (D:2)
  2 rats (D:1)
7 creatures vanquished.

Notes
Turn   | Place    | Note
-------+----------+-------------------------------------------
     0 | D:1      | Jonik01 the Merfolk Fighter began the quest for the Orb.
     0 | D:1      | Reached XP level 1. HP: 18/18 MP: 1/1
   260 | D:2      | Reached XP level 2. HP: 16/24 MP: 2/2
   359 | D:2      | Slain by a gnoll

Illustrated notes

Levels and vault maps discovered:
D:1:      doesnt_arrival_eight_statues, layout_basic,
          minmay_misc_feat_secret_circle, kennysheep_nondescript,
          chequers_serial_rivers_room_b, minmay_misc_feat_plants
D:2:      layout_loops_cross, serial_shops, shop, nicolae_titane, uniq_jessica

Action                     || total
---------------------------++-------
  Melee: Long sword        ||    22
    Use: Potion            ||     1
 Armour: Scale mail        ||     8
  Dodge: Dodged            ||     8
  Block: Buckler           ||     7
